 Dungeon Crawl Stone Soup version 0.32-a0-918-g0f22ef8d61 (webtiles) character file.

Game seed: 2283366110546526478

109 smashvw the Changeling (level 4, 0/28 HPs)
             Began as an Octopode Shapeshifter on Apr 11, 2024.
             Succumbed to an adder's poison
             ... on level 2 of the Dungeon.
             The game lasted 00:04:35 (963 turns).

smashvw the Changeling (Octopode Shapeshifter)       Turns: 963, Time: 00:04:36

Health: 0/28       AC:  1    Str: 13    XL:     4   Next: 89%
Magic:  4/4        EV: 12    Int: 12    God:
Gold:   26         SH:  0    Dex: 13    Spells: 3/3 levels left

rFire   . .          .
                       - Unarmed
rCold   . . .        (no shield)
rNeg    . . .        (helmet currently unavailable)
rPois   .            (no amulet)
rElec   .            (no ring)
rCorr   .            (no ring)
SInv    .            (no ring)
Will    .....        (no ring)
Stlth   ++           (no ring)
HPRegen 0.24/turn    (no ring)
MPRegen 0.09/turn    (no ring)
                     (no ring)

%: no passive effects
@: lethally poisoned (0 -> -2), beast-form
A: beast (slay +2), almost no armour, amphibious, 8 rings, camouflage 1,
gelatinous body 1, (nimble swimmer 1), tentacles
a: Begin Untransformation


You were on level 2 of the Dungeon.
You were a hulking beast.
You visited 1 branch of the dungeon, and saw 2 of its levels.

You collected 26 gold pieces.

Inventory:

Jewellery
 o - a ring of fire
Talismans
 b - a beast talisman (active)
 c - a flux talisman
Scrolls
 d - a scroll of immolation {unknown}
 e - a scroll of enchant weapon {unknown}
 g - a scroll of teleportation {unknown}
 i - a scroll of fog {unknown}
 k - 2 scrolls of identify {unknown}
 l - a scroll of amnesia {unknown}
 m - a scroll of brand weapon {unknown}
 n - a scroll of blinking {unknown}
 p - a scroll of enchant armour {unknown}
Potions
 a - a potion of lignification
 f - a potion of invisibility {unknown}
 h - a potion of curing {unknown}
 j - 2 potions of mutation {unknown}
 q - a potion of enlightenment {unknown}


   Skills:
 - Level 1.0 Fighting
 - Level 2.0 Dodging
 - Level 4.0 Unarmed Combat
 + Level 4.5 Shapeshifting


You had 3 spell levels left.
You didn't know any spells.
Your spell library was empty.

Dungeon Overview and Level Annotations

Branches:
Dungeon (2/15)

Altars:

Shops:
D:2 ?


Innate Abilities, Weirdness & Mutations

You are a hulking beast.
Your limbs bulge with bestial killing power. (Slay +2)
You cannot wear most types of armour.
You are amphibious.
You can wear up to eight rings at the same time.
Your skin changes colour to match your surroundings (Stealth+).
Your rubbery body absorbs attacks. (AC +1, EV +1)
((You are camouflaged when in or above water. (Stealth+)))
You have tentacles for arms and can constrict up to eight enemies at once.


Message History

Found a leather armour.
You see here a +0 leather armour.
Found an escape hatch in the floor.
q - a fuming red potion
Found a stone staircase leading down.
A kobold comes into view. It is wielding a +0 whip.
A phantom comes into view.
Found a club.
The kobold shouts!
You hear an angry hiss.
You tentacle-slap the kobold.
You kill the kobold!
An adder comes into view.
Found a scroll labelled LEOXKUAHIE.
You completely miss the phantom.
The adder hisses angrily.
The phantom hits you.
You tentacle-slap the phantom.
The phantom is lightly damaged.
The phantom hits you.
You tentacle-slap the phantom. Your squeeze misses the phantom.
The phantom is lightly damaged.
The adder bites you.
You are poisoned.
The adder poisons you! The adder barely misses you. The phantom hits you.
You barely miss the phantom. You squeeze the phantom.
The phantom is moderately damaged.
You feel sick. The adder closely misses you.
You closely miss the adder. You grab the adder. You squeeze the adder.
The adder is lightly wounded.
You constrict the adder. The phantom hits you!
* * * LOW HITPOINT WARNING * * *
The adder bites you.
* * * LOW HITPOINT WARNING * * *
You tentacle-slap the adder but do no damage.
You squeeze the adder.
You kill the adder!
You feel sick. The phantom hits you.
* * * LOW HITPOINT WARNING * * *
The phantom blinks!
You blink.
You die...

#..........#.#.#.#..# #....
#########..#...#.#.########...
#..#.....#.#..........
##.#.#............#...
#.#.......#.....#..#(
#.#.......#.....#.#..
#........##.....#.#.#
##>)W....##.......#..
#..h....##......#...
#..ยง....##......>...
#.......##.........#
#..#...........##.##
........######......
.........)# #.###..
#......#....? ... #.. .....
##........# #.. .... #..


You could see a phantom.

Vanquished Creatures
  Jessica (D:2)
  3 adders (D:2)
  2 dart slugs (D:1)
  4 ball pythons
  2 bats (D:2)
  2 endoplasms (D:1)
  6 goblins (D:1)
  3 hobgoblins (D:1)
  8 jackals
  3 quokkas (D:1)
  3 frilled lizards (D:1)
  4 kobolds
  7 rats
48 creatures vanquished.

Notes
Turn   | Place    | Note
-------+----------+-------------------------------------------
     0 | D:1      | smashvw the Octopode Shapeshifter began the quest for the
                  | Orb.
     0 | D:1      | Reached XP level 1. HP: 13/13 MP: 1/1
    68 | D:1      | Reached XP level 2. HP: 12/18 MP: 2/2
   377 | D:1      | Reached XP level 3. HP: 20/23 MP: 3/3
   755 | D:2      | Found Meokhit's Magic Scroll Emporium.
   835 | D:2      | Reached XP level 4. HP: 22/28 MP: 4/4
   878 | D:2      | Noticed Jessica
   884 | D:2      | Killed Jessica
   953 | D:2      | Noticed a phantom
   962 | D:2      | HP: 1/28 [phantom (4)]
   963 | D:2      | Succumbed to an adder's poison

Illustrated notes

Levels and vault maps discovered:
D:1:      minmay_arrival_nine_rooms, layout_loops_ring
D:2:      layout_rooms, serial_shops, shop, uniq_jessica

Skill      XL: |  1  2  3  4 |
---------------+-------------+-----
Unarmed Combat | 4 |  4.0
Shapeshifting  | 4 |  4.5
Fighting       | |  1.0
Dodging        | |  2.0

Action                     |  1- 3 |  4- 6 || total
---------------------------+-------+-------++-------
  Melee: Unarmed           |    62 |    17 ||    79
         Constrict         |    23 |     4 ||    27
         Punch             |     1 |       ||     1
         Tentacles         |     9 |     6 ||    15
   Stab: Sleeping          |     3 |       ||     3
 Armour: Skin              |    17 |    10 ||    27
  Dodge: Dodged            |    39 |     6 ||    45

Table legend: (Time is in decaauts)
 A = Elapsed time spent in this place.
 B = Non-inter-level travel time spent in this place.
 C = Inter-level travel time spent in this place.
 D = Time resting spent in this place.
 E = Time spent auto-exploring this place.
 F = Levels seen in this place.
 G = Mean time per level.
                   A        B        C        D        E       F      G
               +--------+--------+--------+--------+--------+-----+--------+
         Total |    957 |    953 |      4 |      0 |    726 |   2 |  478.5 |
       Dungeon |    957 |    953 |      4 |      0 |    726 |   2 |  478.5 |
               +--------+--------+--------+--------+--------+-----+--------+

Top non-repeatable levels by time:
     D:1: 752 daAuts
     D:2: 205 daAuts
